 Dungeon Crawl Stone Soup version 0.28-a0-1555-g9ae15a6949 (webtiles) character file.

Game seed: 3521833888557357362

56 murtidash the Skirmisher (level 3, -1/35 HPs)
             Began as a Hill Orc Delver on Jan 18, 2022.
             Slain by Menkaure (6 damage)
             ... in an ossuary.
             The game lasted 00:04:51 (1280 turns).

murtidash the Skirmisher (Hill Orc Delver)          Turns: 1280, Time: 00:04:52

Health: -1/35      AC:  3    Str: 16    XL:     3   Next: 97%
Magic:  3/3        EV: 11    Int: 10    God:
Gold:   0          SH:  0    Dex: 12    Spells: 2/2 levels left

rFire   . . .      SeeInvis .   a - +0 hand axe
rCold   . . .      Faith    .   (no shield)
rNeg    . . .      Spirit   .   b - +0 leather armour
rPois   .          Reflect  .   (no helmet)
rElec   .          Harm     .   (no cloak)
rCorr   .          Rampage  .   (no gloves)
Will    .....                   (no boots)
Stlth   ++........              h - amulet of magic regeneration
HPRegen 0.11/turn               (no ring)
MPRegen 0.48/turn               (no ring)

@: no status effects
A: no striking features
a: no special abilities


You were in an ossuary.
You visited 1 branch of the dungeon, and saw 1 of its levels.
You also visited: Ossuary.


   Skills:
 + Level 4.8 Fighting
 + Level 4.3 Axes
 - Level 1.5 Dodging
 - Level 4.1 Stealth


You had 2 spell levels left.
You didn't know any spells.
Your spell library was empty.

Inventory:

Hand Weapons
 a - a +0 hand axe (weapon)
Armour
 b - a +0 leather armour (worn)
Jewellery
 h - an amulet of magic regeneration (around neck)
   (You found it on level 5 of the Dungeon)
Wands
 g - a wand of digging (3)
Scrolls
 d - a scroll of magic mapping {!r}
 e - a scroll of fear

Dungeon Overview and Level Annotations

Branches:
Dungeon (5/15)            Ossuary (1/1)
 Temple: D:4-7

Altars:

Annotations:
Ossuary Menkaure

..##..##..####.^##..##..##
.##..##..##!!##..##..##..##
##..##..##.!M?##..##..##..##
#..##..## .!?.!##..##..##..##
..##^.## !∩∩!..##..##..##..##
.##..## .!?..§§##..##..##..##
##..## .?...§§.##..##..##..##
#..##############M§##..##..##..##
..^............§@§§§##..##..##..#
#######################..##..##..
..........................##..##.
#############################..##
................................#
#################################


You could see Menkaure (fast).


Message History

You slash the gnoll skeleton! 😕 HP[+1]
You hit the gnoll skeleton.
You destroy the gnoll skeleton! 😎 HP[+1]
Your hp is fully restored (34).
A mummy comes into view.
You hit the mummy but do no damage.
A kobold zombie comes into view.
The mummy hits you but does no damage.
You barely miss the mummy. The mummy hits you but does no damage.
You slash the mummy! You hit the mummy. The mummy closely misses you.
You hit the mummy but do no damage. You slash the mummy!
You destroy the mummy!
You hit the kobold zombie but do no damage.
The kobold zombie hits you but does no damage.
You slash the kobold zombie!
The kobold zombie hits you but does no damage.
You barely miss the kobold zombie. The kobold zombie hits you. 😕 HP[-1]
You take 1 damage, and now have 33/34 hp.
You slash the kobold zombie!
You destroy the kobold zombie! 😎 HP[+1]
Your hp is fully restored (34).
A hobgoblin skeleton and a mummy come into view.
Found nine items.
Found two gates leading back out of this place.
There is a large open door here.
You start waiting.
A goblin zombie comes into view.
What are your orders? t - Shout!
Orders for allies: a - Attack new target. r - Retreat! s - Stop attacking. g - Guard the area. f - Follow me.
Anything else - Cancel.
You shout for attention!
You hear a shout!
You start waiting.
A goblin zombie is nearby!
You completely miss the goblin zombie. The goblin zombie barely misses you.
You slash the goblin zombie! The goblin zombie hits you. 😕 HP[-1]
You take 1 damage, and now have 33/34 hp.
You barely miss the goblin zombie.
You punch the goblin zombie, but do no damage.
You barely miss the goblin zombie.
The goblin zombie hits you but does no damage.
You closely miss the goblin zombie. The goblin zombie barely misses you.
You slash the goblin zombie!
You destroy the goblin zombie! 😕 HP[+1]
You now have 35 max hp (+1).
No target in view!
No target in view!
No target in view!
No target in view!
No target in view!
No target in view!
No target in view!
No target in view!
No target in view!
No target in view!
No target in view!
You start resting. 😎 HP[+1]
Your hp is fully restored (35).
Menkaure, Prince of Dust comes into view.
There is a large open door here.
Unknown command.
As you read the scroll of fog, it crumbles to dust.
The scroll dissolves into smoke.
You start waiting.
You don't know any spells.
You start waiting.
Menkaure is nearby!
You hit Menkaure. Menkaure hits you but does no damage.
You barely miss Menkaure.
Menkaure casts a spell.
Menkaure seems to speed up.
You hit Menkaure but do no damage. Menkaure hits you! 😮 HP[-16]
You take 16 damage, and now have 19/35 hp.
MASSIVE DAMAGE!! (PAUSE)
You hit Menkaure. Menkaure barely misses you.
You hit Menkaure but do no damage. Menkaure hits you!
* * * LOW HITPOINT WARNING * * *
😱 HP[-11]
You take 11 damage, and now have 8/35 hp.
MASSIVE DAMAGE!! (PAUSE)
You hit Menkaure. Your punch misses Menkaure. Menkaure closely misses you.
Menkaure points at you and mumbles some strange words.
Pain shoots through your body!
* * * LOW HITPOINT WARNING * * *
😱 HP[-3]
You take 3 damage, and now have 5/35 hp.
You closely miss Menkaure. Menkaure hits you.
You die...

Skill      XL: |  1  2  3 |
---------------+----------+-----
Axes           | 3 4 |  4.3
Fighting       | 4 |  4.8
Dodging        | |  1.5
Stealth        | |  4.1

Action                   || total
-------------------------++-------
Melee: Hand axe          ||   167
       Punch             ||     6
Evoke: Wand              ||     9
  Use: Potion            ||     1
       Scroll            ||     1
Armor: Leather armour    ||    39
Dodge: Dodged            ||    59

Levels and vault maps discovered:
D:5:      layout_basic, enter_ossuary_1
Ossuary:  ossuary_due_pyramid

Notes
Turn   | Place    | Note
-------+----------+-------------------------------------------
     0 | D:5      | murtidash the Hill Orc Delver began the quest for the Orb.
     0 | D:5      | Reached XP level 1. HP: 19/19 MP: 1/1
     0 | D:5      | magus.rc [v1.11.3]
    11 | D:5      | Found a sand-covered staircase.
    25 | Ossuary  | Entered an ossuary
    94 | Ossuary  | Reached skill level 3 in Axes
   100 | Ossuary  | Reached XP level 2. HP: 19/27 MP: 2/2
   111 | Ossuary  | Reached skill level 4 in Fighting
   948 | Ossuary  | Reached XP level 3. HP: 34/34 MP: 3/3
  1076 | Ossuary  | Reached skill level 4 in Axes
  1265 | Ossuary  | Noticed Menkaure
  1278 | Ossuary  | HP: 8/35 [Menkaure (11)]
  1280 | Ossuary  | Slain by Menkaure

Vanquished Creatures
  2 mummies (Ossuary)
  5 gnoll zombies (Ossuary)
  3 gnoll skeletons (Ossuary)
  3 goblin skeletons (Ossuary)
  4 goblin zombies (Ossuary)
  4 hobgoblin skeletons (Ossuary)
  5 hobgoblin zombies (Ossuary)
  5 kobold skeletons (Ossuary)
  4 kobold zombies (Ossuary)
  3 orc zombies (Ossuary)
  3 rat skeletons (Ossuary)
  A rat zombie (Ossuary)
42 creatures vanquished.

Vanquished Creatures (collateral kills)
  4 goblin skeletons (Ossuary)
  A hobgoblin skeleton (Ossuary)
  A kobold zombie (Ossuary)
  An orc zombie (Ossuary)
7 creatures vanquished.

Vanquished Creatures (others)
  A gnoll skeleton (Ossuary)
  A gnoll zombie (Ossuary)
2 creatures vanquished.

Grand Total: 51 creatures vanquished

Table legend:
 A = Non-vault XP
 B = Vault XP
 C = Vault XP percentage of total XP
 D = Non-vault monster count
 E = Vault monster count
 F = Vault count percentage of total count
                 A         B        C        D         E       F
            +---------+---------+-------+---------+---------+-------
      Total |       0 |      81 | 100.0 |       0 |      48 | 100.0
            +---------+---------+-------+---------+---------+-------
    Ossuary |       0 |      81 | 100.0 |       0 |      48 | 100.0
            +---------+---------+-------+---------+---------+-------

Illustrated notes

Table legend:
 A = Kills in this place as a percentage of kills in entire the game.
 B = Kills by you in this place as a percentage of kills by you in the entire game.
 C = Kills by friends in this place as a percentage of kills by friends in the entire game.
 D = Other kills in this place as a percentage of other kills in the entire game.
 E = Experience gained in this place as a percentage of experience gained in the entire game.
 F = Experience gained in this place divided by the number of levels of this place that you have seen.
                   A       B       C       D       E      F
               +-------+-------+-------+-------+-------+----------------------
         Total | 100.0 | 100.0 | 100.0 |   N/A | 100.0 |  40.5
       Ossuary | 100.0 | 100.0 | 100.0 |   N/A | 100.0 |  81.0
               +-------+-------+-------+-------+-------+----------------------

Table legend: (Time is in decaauts)
 A = Elapsed time spent in this place.
 B = Non-inter-level travel time spent in this place.
 C = Inter-level travel time spent in this place.
 D = Time resting spent in this place.
 E = Time spent auto-exploring this place.
 F = Levels seen in this place.
 G = Mean time per level.
                   A        B        C        D        E       F      G
               +--------+--------+--------+--------+--------+-----+--------+
         Total |   1281 |   1281 |      0 |    579 |    113 |   2 |  640.5 |
       Dungeon |     25 |     25 |      0 |      0 |      0 |   1 |   25.0 |
       Ossuary |   1256 |   1256 |      0 |    579 |    113 |   1 | 1256.0 |
               +--------+--------+--------+--------+--------+-----+--------+

Top non-repeatable levels by time:
 Ossuary: 1256 daAuts
     D:5: 25 daAuts
